 Dungeon Crawl Stone Soup version 0.30-a0-355-g4c39ff33d3 (webtiles) character file.

Game seed: 1865442179848846272

1713 Elric the Chopper (level 8, -3/63 HPs)
             Began as a Demonspawn Fighter on Nov 8, 2022.
             Slain by an ogre
             ... wielding a +0 giant spiked club
              (22 damage)
             ... on level 6 of the Dungeon.
             The game lasted 00:07:34 (4121 turns).

Elric the Chopper (Demonspawn Fighter)              Turns: 4121, Time: 00:07:35

Health: -3/63      AC:  9    Str: 18    XL:     8   Next: 74%
Magic:  9/10       EV:  9    Int: 10    God:
Gold:   244        SH:  5    Dex: 15    Spells: 6/10 levels left

rFire   . . .      SeeInvis .    a - +0 war axe
rCold   . . .      Faith    .    c - +0 buckler
rNeg    . . .      Spirit   .    b - +1 scale mail
rPois   .          Reflect  .    (no helmet)
rElec   .          Harm     .    (no cloak)
rCorr   .          Rampage  .    g - +0 pair of gloves
Will    .....                    (no boots)
Stlth   +.........               (no amulet)
HPRegen 0.30/turn                (no ring)
MPRegen 0.12/turn                (no ring)

@: no status effects
A: thin skeletal structure 1, ignite blood 1, spiny 1, weakness stinger 2
a: no special abilities


You were on level 6 of the Dungeon.
You visited 1 branch of the dungeon, and saw 6 of its levels.

You collected 244 gold pieces.

Inventory:

Hand Weapons
 a - a +0 war axe (weapon)
Missiles
 x - 2 throwing nets (quivered)
Armour
 b - a +1 scale mail (worn)
 c - a +0 buckler (worn)
 f - a +0 pair of gloves
 g - a +0 pair of gloves (worn)
Jewellery
 e - a ring of fire
 s - a ring of flight
 t - a ring of willpower
Scrolls
 h - a scroll of enchant armour
 k - 2 scrolls of identify
 m - 2 scrolls of amnesia
 o - 4 scrolls of teleportation
Potions
 j - 2 potions of degeneration
 p - a potion of lignification {unknown}
 q - 2 potions of curing
 r - a potion of heal wounds
 w - a potion of attraction {unknown}


   Skills:
 - Level 5.5 Fighting
 * Level 6.3 Axes
 - Level 5.1 Armour
 - Level 5.0 Shields
 + Level 1.6 Spellcasting
 + Level 1.8 Conjurations
 + Level 1.6 Fire Magic


You had 6 spell levels left.
You knew the following spells:

 Your Spells              Type           Power      Damage    Failure   Level
a - Sticky Flame          Conj/Fire      4%         2d3       99%         4

Your spell library contained the following spells:

 Spells                   Type           Power      Damage    Failure   Level
 Kiss of Death            Conj/Necr      8%         2d6       65%         1
 Inner Flame              Hex/Fire       2%         N/A       95%         3
 Confusing Touch          Hex            0%         N/A       98%         3
 Flame Wave               Conj/Fire      4%         2d5       99%         4
 Cause Fear               Hex            0%         N/A       100%        4
 Dispel Undead            Necr           0%         3d6       100%        4
 Malign Gateway           Summ/Tloc      0%         N/A       100%        7
 Discord                  Hex            0%         N/A       100%        8
 Summon Horrible Things   Summ           0%         N/A       100%        8


Dungeon Overview and Level Annotations

Branches:
Dungeon (6/15)             Temple (0/1) D:5

Altars:

Annotations:
D:3 2 transporters, tensugalgo's ghost, amateur DsHs


Innate Abilities, Weirdness & Mutations

You have a somewhat thin skeletal structure. (Dex +2, Stealth+)
Your demonic aura sometimes causes spilled blood to erupt in flames.
You are partially covered in sharp spines.
You have a tail ending in a sharp stinger.


Message History

The gnoll hits you from afar with a +0 halberd.
The black bear is engulfed in blazing flames.
The black bear goes berserk!
The gnoll hits you from afar with a +0 halberd.
Unknown command.
You closely miss the black bear.
The black bear is almost dead.
The black bear is engulfed in blazing flames.
You kill the black bear!
The gnoll hits you from afar with a +0 halberd.
The ogre hits you with a +0 giant spiked club!
You are too injured to fight recklessly!
Unknown command.
You are too injured to fight recklessly!
Unknown command.
You are too injured to fight recklessly!
You are too injured to fight recklessly!
Unknown command.
You slash the ogre! You tail-slap the ogre!
The ogre is heavily wounded.
The gnoll is no longer moving quickly.
You block the gnoll's attack.
You barely miss the ogre. You tail-slap the ogre.
The ogre is severely wounded.
You block the ogre's attack.
The gnoll hits you from afar with a +0 halberd!
* * * LOW HITPOINT WARNING * * *
The gnoll hits you from afar with a +0 halberd!
* * * LOW HITPOINT WARNING * * *
You feel much better. The ogre is struck by your spines.
The ogre hits you with a +0 giant spiked club!
* * * LOW HITPOINT WARNING * * *
The gnoll closely misses you.
Things that are here:
a +0 flail; a +0 whip; a gnoll corpse You are too injured to fight recklessly!
You are too injured to fight recklessly!
You hit the ogre.
The ogre is almost dead.
The ogre hits you with a +0 giant spiked club!!
You die...

*****,*,,,,,,*********
##..... *,,**,**,,,,,,,,,*
#..... **,,*,************
####..... *******,*,*
#########....#..# ,,,,,**,,,*
#####...........###..
,,,,,**,.####.....##........#
*##
,,,,,,,,......####..........#
,,,,,*,****#...O..†####.#####
***,,*,* ###)°@### #.#
**,*,,<* *#)#..#* #.#
*,*,*,,* #g<##..# #.#
,*,**,******#.#**#.#**#.#****
*,***,**,,,,..* *.#,,...,,,*
,*,**,,,,,*###* *.#,,,,,,,,*
*,*,*,,,*,,,,* *,.,,,,,,,,*
**,*,,,,****,** **#,,,,,,,,*
***,,,*** *,,******,,,,,,,,*


You could see an ogre and a gnoll.

Vanquished Creatures
  Sigmund (D:3)
  Menkaure (D:5)
  Duvessa (D:5)
  An orc warrior (D:6)
  2 black bears
  2 ice beasts (D:5)
  2 ogres (D:4)
  A bullfrog (D:6)
  A scorpion (D:5)
  Dowan (D:5)
  A howler monkey (D:6)
  A jelly (D:4)
  2 hounds
  A gnoll bouda (D:6)
  An orc priest (D:3)
  2 iguanas (D:5)
  An orc wizard (D:3)
  9 gnolls
  6 adders
  A shadow imp (D:5)
  An ufetubus (D:6)
  A worm (D:2)
  2 dart slugs
  9 orcs
  8 endoplasms
  3 giant cockroaches
  7 hobgoblins
  3 jackals (D:4)
  3 quokkas
  5 ball pythons
  8 bats
  5 frilled lizards
  6 goblins
  7 kobolds
  24 rats
130 creatures vanquished.

Notes
Turn   | Place    | Note
-------+----------+-------------------------------------------
     0 | D:1      | Elric the Demonspawn Fighter began the quest for the Orb.
     0 | D:1      | Reached XP level 1. HP: 18/18 MP: 1/1
    34 | D:1      | Reached skill level 2 in Axes
    34 | D:1      | Gained mutation: You have a somewhat thin skeletal
                  | structure. (Dex +2, Stealth+) [demonic ancestry]
    34 | D:1      | Reached XP level 2. HP: 12/24 MP: 2/2
   437 | D:1      | Reached XP level 3. HP: 29/29 MP: 3/3
   557 | D:1      | Found a faded altar of an unknown god.
   812 | D:2      | Gained mutation: You are partially covered in sharp spines.
                  | [demonic ancestry]
   812 | D:2      | Reached XP level 4. HP: 22/35 MP: 4/4
  1291 | D:3      | Noticed Sigmund
  1306 | D:3      | Killed Sigmund
  1307 | D:3      | Reached skill level 3 in Axes
  1307 | D:3      | Gained mutation: You have a small tail. [demonic ancestry]
  1307 | D:3      | Reached XP level 5. HP: 39/42 MP: 5/5
  1307 | D:3      | Gained mutation: Your demonic aura sometimes causes spilled
                  | blood to erupt in flames. [demonic ancestry]
  1307 | D:3      | Reached XP level 6. HP: 45/48 MP: 6/6
  1695 | D:3      | Noticed a sky beast
  1712 | D:3      | Noticed tensugalgo's ghost (amateur DsHs)
  1721 | D:3      | Found a transporter.
  1733 | D:3      | Found a transporter.
  2459 | D:4      | Reached XP level 7. HP: 55/55 MP: 7/7
  2885 | D:5      | Entered Level 5 of the Dungeon
  2900 | D:5      | Reached skill level 5 in Fighting
  2900 | D:5      | Reached skill level 4 in Axes
  2995 | D:5      | Found a staircase to the Ecumenical Temple.
  3078 | D:5      | Noticed Dowan
  3078 | D:5      | Noticed Duvessa
  3087 | D:5      | Killed Duvessa
  3092 | D:5      | Killed Dowan
  3314 | D:5      | Reached skill level 5 in Armour
  3314 | D:5      | Reached skill level 5 in Shields
  3314 | D:5      | Gained mutation: You have a tail ending in a sharp stinger.
                  | [demonic ancestry]
  3314 | D:5      | Reached XP level 8. HP: 36/63 MP: 8/8
  3446 | D:5      | Noticed Menkaure
  3451 | D:5      | Killed Menkaure
  3452 | D:5      | Reached skill level 5 in Axes
  3790 | D:6      | Learned a level 4 spell: Sticky Flame
  3928 | D:6      | HP: 2/63 [orc warrior/+0 battleaxe (11)]
  3932 | D:6      | Reached skill level 1 in Conjurations
  4097 | D:6      | Reached skill level 6 in Axes
  4097 | D:6      | Reached skill level 1 in Spellcasting
  4097 | D:6      | Reached skill level 1 in Fire Magic
  4118 | D:6      | HP: 3/63 [gnoll/+0 halberd[a gnoll bouda] (11)]
  4121 | D:6      | Slain by an ogre

Illustrated notes

Levels and vault maps discovered:
D:1:      scummos_arrival_simple_crosswalls, layout_basic,
          hellmonk_ecumenical_altar_crossroads, chequers_serial_rivers_room_b
D:2:      layout_rooms
D:3:      layout_loops_cross, zin_academy, gammafunk_ghost_arena,
          amcnicky_mini_pool_small, skrybe_limestone_x, due_unseen_surprise,
          uniq_sigmund
D:4:      layout_loops_ring, minmay_rat_hole
D:5:      layout_rooms, minmay_temple_entry_hall, uniq_menkaure, uniq_duvessa
D:6:      layout_rooms, chequers_serial_rivers_small_a, minmay_circle_x

Skill      XL: |  1  2  3  4  5  6  7  8 |
---------------+-------------------------+-----
Axes           | 2 3 4 6 |  6.3
Armour         | 3 4 5 |  5.1
Shields        | 3 4 5 |  5.0
Fighting       | 4 5 |  5.5
Conjurations   | 1 |  1.8
Spellcasting   | 1 |  1.6
Fire Magic     | 1 |  1.6

Action                   |  1- 3 |  4- 6 |  7- 9 || total
-------------------------+-------+-------+-------++-------
Melee: War axe           |    92 |    85 |   101 ||   278
       Tailslap          |       |     5 |    17 ||    22
  Use: Potion            |       |     3 |     6 ||     9
       Scroll            |       |       |     9 ||     9
 Stab: Sleeping          |     1 |     1 |       ||     2
Armor: Scale mail        |    43 |    30 |    31 ||   104
Dodge: Dodged            |    45 |    23 |    49 ||   117
Block: Buckler           |    32 |    20 |    30 ||    82

Table legend: (Time is in decaauts)
 A = Elapsed time spent in this place.
 B = Non-inter-level travel time spent in this place.
 C = Inter-level travel time spent in this place.
 D = Time resting spent in this place.
 E = Time spent auto-exploring this place.
 F = Levels seen in this place.
 G = Mean time per level.
                   A        B        C        D        E       F      G
               +--------+--------+--------+--------+--------+-----+--------+
         Total |   4219 |   4078 |    141 |    240 |   3102 |   6 |  703.2 |
       Dungeon |   4219 |   4078 |    141 |    240 |   3102 |   6 |  703.2 |
               +--------+--------+--------+--------+--------+-----+--------+

Top non-repeatable levels by time:
     D:4: 931 daAuts
     D:5: 919 daAuts
     D:3: 770 daAuts
     D:1: 697 daAuts
     D:2: 571 daAuts
     D:6: 328 daAuts
